 Dungeon Crawl Stone Soup version 0.30-a0-1103-g25895a7845 (webtiles) character file.

Game seed: 6887370037237674741

3507 bande the Cleaver (level 10, -1/61 HPs)
             Began as a Gargoyle Fighter on Apr 18, 2023.
             Was a Believer of Okawaru.
             Slain by Snorg (22 damage)
             ... on level 10 of the Dungeon.
             The game lasted 00:13:59 (7784 turns).

bande the Cleaver (Gargoyle Fighter)                Turns: 7784, Time: 00:14:01

Health: -1/61      AC: 28    Str: 20    XL:     10   Next: 7%
Magic:  13/13      EV:  4    Int:  9    God:    Okawaru [**....]
Gold:   537        SH:  9    Dex: 13    Spells: 9/9 levels left

rFire   . . .      SeeInvis .    a - +1 war axe (elec)
rCold   . . .      Faith    .    v - +0 kite shield
rNeg    + + .      Spirit   .    r - +0 plate armour
rPois   ∞          Reflect  .    m - +1 helmet
rElec   +          Rampage  .    t - +0 cloak
rCorr   .                        n - +2 pair of gloves
Will    .....                    i - +0 pair of boots Stlth
                                 (no amulet)
HPRegen 0.30/turn                B - +4 ring of slaying
MPRegen 0.13/turn                l - ring of positive energy

@: mighty
A: sickness immunity, AC +7, negative energy resistance 1, electricity
resistance, torment resistance 1, petrification resistance
a: Renounce Religion, Heroism


You were on level 10 of the Dungeon.
You worshipped Okawaru.
Okawaru was pleased with you.
You visited 2 branches of the dungeon, and saw 11 of its levels.
You also visited: Ossuary.

You collected 537 gold pieces.

Inventory:

Hand Weapons
 a - a +1 war axe of electrocution (weapon)
 C - a +0 morningstar
Armour
 i - a +0 pair of boots (worn)
 m - a +1 helmet (worn)
 n - a +2 pair of gloves (worn)
 r - a +0 plate armour (worn)
 t - a +0 cloak (worn)
 v - a +0 kite shield (worn)
Jewellery
 g - a ring of see invisible
 l - a ring of positive energy (right hand)
 B - a +4 ring of slaying (left hand)
Wands
 b - a wand of polymorph (6)
 o - a wand of flame (33)
 w - a wand of mindburst (17)
Scrolls
 c - 4 scrolls of magic mapping
 k - 2 scrolls of teleportation
 p - 6 scrolls of identify
 q - 3 scrolls of enchant armour
 y - 3 scrolls of amnesia {unknown}
Potions
 d - 5 potions of might
 e - 3 potions of invisibility
 f - 4 potions of flight
 h - a potion of heal wounds
 j - 2 potions of ambrosia
 s - 6 potions of curing
 u - 2 potions of magic
 x - a potion of berserk rage
 z - a potion of mutation
 A - a potion of haste
 D - a potion of cancellation {unknown}


   Skills:
 + Level 6.4 Fighting
 + Level 8.8 Axes
 + Level 6.6 Armour
 + Level 6.0 Shields
 * Level 4.4 Invocations
 * Level 3.6 Evocations


You had 9 spell levels left.
You didn't know any spells.
Your spell library contained the following spells:

 Spells                   Type           Power      Damage    Failure   Level
 Magic Dart               Conj           0%         1d3       100%        1
 Blink                    Tloc           0%         N/A       100%        2
 Lesser Beckoning         Tloc           0%         N/A       100%        2
 Momentum Strike          Conj/Tloc      0%         3d8       100%        2
 Poisonous Vapours        Pois/Air       0%         N/A       100%        2
 Frozen Ramparts          Ice            0%         1d1       100%        3
 Ignite Poison            Fire/Tmut/Pois 0%         N/A       100%        3
 Mephitic Cloud           Conj/Pois/Air  0%         N/A       100%        3
 Ice Form                 Ice/Tmut       0%         N/A       100%        4
 Freezing Cloud           Conj/Ice/Air   0%         6-21      100%        5
 Call Imp                 Summ           Unusable   N/A       N/A         2
 Cigotuvi's Dreadful Rot  Necr/Pois/Air  Unusable   N/A       N/A         2
 Summon Ice Beast         Ice/Summ       Unusable   N/A       N/A         4

Dungeon Overview and Level Annotations

Branches:
Dungeon (10/15)            Temple (1/1) D:6         Ossuary (visited)
   Lair: D:8-11         Orc: D:9-12

Altars:
Cheibriados
Fedhas
Kikubaaqudgha
Nemelex Xobeh
Okawaru
Qazlal
Ru
Sif Muna
Trog
Vehumet
Wu Jian
Xom

Shops:
D:2 [   D:5 *=

Annotations:
D:10 Snorg


Innate Abilities, Weirdness & Mutations

You are immune to sickness and miasma.
Your stone body is resilient. (AC +7)
You are immune to poison.
You resist negative energy. (rN+)
You are resistant to electric shocks. (rElec)
You are resistant to unholy torment.
You are immune to petrification.


Message History

The killer bee stings you but does no damage.
You block the killer bee's attack.
You feel very mighty all of a sudden.
The killer bee stings you but does no damage.
The killer bee stings you.
The killer bee stings you but does no damage.
You block the killer bee's attack.
You closely miss the killer bee.
The killer bee is moderately wounded.
You barely miss Snorg. You barely miss the killer bee.
The killer bee completely misses you.
The killer bee stings you but does no damage.
Snorg barely misses you. You block Snorg's attack. x2
The killer bee stings you but does no damage. x2
You miss the killer bee.
The killer bee is moderately wounded.
You slash Snorg! Lightning courses through Snorg! You miss the killer bee.
You block the killer bee's attack. x2; You block Snorg's attack.
Snorg claws you but does no damage. Snorg claws you.
The killer bee stings you but does no damage. x2
Snorg bites you!! Snorg claws you but does no damage. x2
The killer bee stings you but does no damage. x2
You closely miss the killer bee.
The killer bee is moderately wounded.
You barely miss the killer bee. You barely miss Snorg.
You block the killer bee's attack.
The killer bee stings you but does no damage.
Snorg bites you but does no damage. Snorg barely misses you. Snorg claws you.
* * * LOW HITPOINT WARNING * * *
Snorg bites you!
* * * LOW HITPOINT WARNING * * *
Snorg claws you but does no damage. You block Snorg's attack.
The killer bee stings you but does no damage. x2
You feel much better.
The killer bee stings you but does no damage.
The killer bee barely misses you. Snorg bites you but does no damage.
Snorg claws you but does no damage. Snorg claws you!
The killer bee stings you but does no damage.
You block the killer bee's attack. Snorg bites you!!
You die...

. .###
#######.#
.....##........
>.#...Tyy...#
.....[.@.#
####..#### #. #


You could see Snorg (berserk) and 2 killer bees.

Vanquished Creatures
  A troll (D:7)
  A wyvern (D:8)
  4 yaks (D:8)
  Duvessa (D:7)
  An ice beast (D:7)
  A black bear (D:4)
  4 centaurs (D:8)
  2 kobold brigands
  3 bullfrogs
  Blork the orc (D:6)
  A gnoll sergeant (D:6)
  4 scorpions
  8 wights
  Dowan (D:7)
  6 orc priests
  Crazy Yiuf (D:6)
  2 hounds (D:6)
  A sleepcap (D:5)
  2 iguanas
  4 orc wizards
  3 mummies (Ossuary)
  4 gnolls (D:6)
  9 adders
  2 shadow imps
  A white imp (D:7)
  2 ufetubi (D:6)
  2 adder zombies (Ossuary)
  4 dart slugs
  32 orcs
  6 ball pythons
  5 bats
  6 endoplasms
  6 giant cockroaches
  3 goblins
  6 hobgoblins
  3 jackals (D:1)
  3 quokkas
  4 frilled lizards
  2 gnoll zombies (Ossuary)
  4 goblin zombies (Ossuary)
  3 hobgoblin zombies (Ossuary)
  17 kobolds
  2 kobold zombies (Ossuary)
  2 quokka zombies (Ossuary)
  5 rats
  3 rat zombies (Ossuary)
188 creatures vanquished.

Notes
Turn   | Place    | Note
-------+----------+-------------------------------------------
     0 | D:1      | bande the Gargoyle Fighter began the quest for the Orb.
     0 | D:1      | Reached XP level 1. HP: 14/14 MP: 1/1
   105 | D:1      | Reached XP level 2. HP: 16/19 MP: 2/2
   297 | D:1      | Reached skill level 2 in Axes
   492 | D:1      | Reached XP level 3. HP: 24/24 MP: 3/3
   918 | D:2      | Reached XP level 4. HP: 29/29 MP: 4/4
   961 | D:2      | Found Ciogam's Armour Shoppe.
  1583 | D:3      | Reached skill level 3 in Axes
  1583 | D:3      | Reached XP level 5. HP: 9/33 MP: 5/5
  2194 | D:4      | Reached XP level 6. HP: 38/38 MP: 6/6
  2221 | D:4      | Reached skill level 4 in Axes
  2270 | D:4      | Found a bloodstained altar of Trog.
  2364 | D:4      | Noticed a black bear
  2373 | D:4      | Killed a black bear
  2784 | D:5      | Entered Level 5 of the Dungeon
  2794 | D:5      | Reached skill level 5 in Axes
  2794 | D:5      | Reached XP level 7. HP: 40/44 MP: 7/7
  2867 | D:5      | Found Ataor's Antique Weapon Boutique.
  2903 | D:5      | Found Wick's Jewellery Shop.
  3083 | D:5      | Found a sparkling altar of Nemelex Xobeh.
  3341 | D:5      | Found Pisigy's Assorted Antiques.
  3456 | D:6      | Reached skill level 5 in Armour
  3620 | D:6      | Found a radiant altar of Vehumet.
  3647 | D:6      | Reached skill level 5 in Fighting
  3647 | D:6      | Reached skill level 6 in Axes
  3656 | D:6      | Reached XP level 8. HP: 27/49 MP: 8/8
  3685 | D:6      | Found a sacrificial altar of Ru.
  3738 | D:6      | Found an ornate altar of the Wu Jian Council.
  3765 | D:6      | Found a sand-covered staircase.
  3766 | D:6      | Noticed Blork the orc
  3770 | Ossuary  | Entered an ossuary
  4066 | D:6      | Killed Blork the orc
  4182 | D:6      | Found a staircase to the Ecumenical Temple.
  4339 | Temple   | Entered the Ecumenical Temple
  4383 | Temple   | Became a worshipper of Warmaster Okawaru
  4857 | D:6      | Found a runed translucent door.
  4858 | D:6      | Noticed Crazy Yiuf
  4959 | D:6      | Found a blossoming altar of Fedhas.
  4961 | D:6      | Found a snail-covered altar of Cheibriados.
  4962 | D:6      | Found a shimmering blue altar of Sif Muna.
  5089 | D:6      | Killed Crazy Yiuf
  5158 | D:7      | Noticed Duvessa
  5158 | D:7      | Noticed Dowan
  5169 | D:7      | Reached skill level 1 in Invocations
  5169 | D:7      | Killed Duvessa
  5170 | D:7      | Reached skill level 1 in Evocations
  5172 | D:7      | Killed Dowan
  5173 | D:7      | Reached skill level 7 in Axes
  5335 | D:7      | Found a stormy altar of Qazlal.
  5439 | D:7      | Noticed a troll
  5451 | D:7      | Killed a troll
  5451 | D:7      | Reached * piety under Okawaru
  5452 | D:7      | Reached XP level 9. HP: 25/55 MP: 10/10
  5877 | D:7      | Reached skill level 5 in Shields
  6417 | D:8      | Reached ** piety under Okawaru
  6418 | D:8      | Reached skill level 8 in Axes
  6907 | D:8      | Reached XP level 10. HP: 57/61 MP: 13/13
  7777 | D:10     | Entered Level 10 of the Dungeon
  7777 | D:10     | Noticed Snorg
  7784 | D:10     | Slain by Snorg

Illustrated notes

Levels and vault maps discovered:
D:1:      dpeg_arrival_tiny_g, layout_basic
D:2:      layout_rooms, serial_shops, nicolae_shop_advertising_works
          [nicolae_subvault_shop_adworks], st_stairs_11, chequers_mini_garden,
          corexii_item_surrounded_by_moat, chequers_serial_rivers_marsh,
          minivault_23, kennysheep_generic_room_3
D:3:      layout_rooms
D:4:      layout_gridville, nicolae_overflow_crystal_walls
D:5:      layout_basic, mainiacjoe_overflow_24_doors, serial_shops,
          kennysheep_mini, nicolae_shop_overgrown_old_shop,
          kennysheep_little_box
D:6:      layout_basic, mainiacjoe_overflow_alcove_3, mainiacjoe_overflow_paths,
          vehumet_crystals, lemuel_temple_firewalk_a,
          nicolae_ossuary_entry_false_entrances, uniq_crazy_yiuf_cottage,
          uniq_blork_the_orc
D:7:      layout_cave_pods, mainiacjoe_overflow_small_starburst, uniq_duvessa
D:8:      layout_basic, minmay_fractal_squares_gapless_5
D:9:      layout_loops_ring, nicolae_tso_carved_into_rock, ashenzari_altar_1
D:10:     layout_rooms, nicolae_hepliaklqana_hippocampus, zin_angel,
          eat_drink_and_be_merry_uskayaw, serial_ice, serial_ice_k,
          serial_ice_a, serial_ice_e, serial_ice_h, serial_ice_f, serial_ice_m,
          serial_ice_c, minmay_starry_boxes, uniq_snorg, uniq_maggie
Temple:   hellmonk_temple_flake

Skill      XL: |  1  2  3  4  5  6  7  8  9 10 |
---------------+-------------------------------+-----
Axes           | 2 3 5 6 7 8 |  8.8
Armour         | 4 5 6 |  6.6
Fighting       | 4 5 6 |  6.4
Shields        | 4 5 6 |  6.0
Invocations    | 2 4 |  4.4
Evocations     | 1 3 |  3.6

Action                     |  1- 3 |  4- 6 |  7- 9 | 10-12 || total
---------------------------+-------+-------+-------+-------++-------
  Melee: War axe           |    87 |   148 |   252 |    34 ||   521
    Use: Scroll            |     8 |     6 |     8 |       ||    22
         Potion            |       |       |       |     2 ||     2
 Armour: Scale mail        |    46 |    72 |     9 |       ||   127
         Chain mail        |       |       |    62 |       ||    62
         Plate armour      |       |       |   131 |    59 ||   190
  Dodge: Dodged            |    44 |    74 |    65 |    11 ||   194
  Block: Buckler           |    26 |    37 |    12 |       ||    75
         Kite shield       |       |       |   132 |    37 ||   169

Table legend: (Time is in decaauts)
 A = Elapsed time spent in this place.
 B = Non-inter-level travel time spent in this place.
 C = Inter-level travel time spent in this place.
 D = Time resting spent in this place.
 E = Time spent auto-exploring this place.
 F = Levels seen in this place.
 G = Mean time per level.
                   A        B        C        D        E       F      G
               +--------+--------+--------+--------+--------+-----+--------+
         Total |   7940 |   7697 |    243 |   1003 |   5065 |  12 |  661.7 |
       Dungeon |   7580 |   7347 |    233 |    857 |   4964 |  10 |  758.0 |
        Temple |     55 |     45 |     10 |      0 |     30 |   1 |   55.0 |
       Ossuary |    304 |    304 |      0 |    146 |     71 |   1 |  304.0 |
               +--------+--------+--------+--------+--------+-----+--------+

Top non-repeatable levels by time:
     D:8: 1398 daAuts
     D:6: 1389 daAuts
     D:7: 1164 daAuts
     D:1: 778 daAuts
     D:2: 757 daAuts
     D:3: 719 daAuts
     D:5: 642 daAuts
     D:4: 620 daAuts
 Ossuary: 304 daAuts
     D:9: 101 daAuts
  Temple: 55 daAuts
    D:10: 8 daAuts
